 Dungeon Crawl Stone Soup version 0.25.1-2-g60ff931df9 (webtiles) character file.

Game seed: 13802432865301006978

1778 Revguard the Digger (level 8, -1/93 HPs)
             Began as a Demigod Earth Elementalist on Oct 3, 2020.
             Slain by a sky beast (6 damage)
             ... on level 7 of the Dungeon.
             The game lasted 00:25:38 (7417 turns).

Revguard the Digger (Demigod Earth Elementalist)    Turns: 7417, Time: 00:25:38

Health: -1/93      AC:  8    Str: 11    XL:     8   Next: 51%
Magic:  12/31      EV: 12    Int: 29    God:
Gold:   229        SH:  0    Dex: 16    Spells: 2/17 levels left

rFire    . . .     SeeInvis .   m - +2 dagger (venom)
rCold    . . .     Gourm    .   (no shield)
rNeg     . . .     Faith    .   x - +1 leather armour
rPois    +         Spirit   .   h - +0 helmet
rElec    .         Reflect  .   (no cloak)
rCorr    .         Harm     .   (no gloves)
MR       .....                  c - +2 pair of boots
Stlth    ..........             (no amulet)
HPRegen  0.25/turn              g - +6 ring of intelligence
MPRegen  0.22/turn              k - ring of magical power

@: berserking, lethally poisoned (-1 -> -3), very slightly contaminated, very
quick
A: high mp 3, poison resistance
a: no special abilities


You were on level 7 of the Dungeon.
You were very hungry.

You visited 1 branch of the dungeon, and saw 7 of its levels.
You also visited: Ossuary.

You collected 229 gold pieces.

Inventory:

Hand Weapons
 f - a +2 mace of protection
 m - a +2 dagger of venom (weapon)
Missiles
 b - 98 stones (quivered)
Armour
 c - a +2 pair of boots (worn)
 h - a +0 helmet (worn)
 x - a +1 leather armour (worn)
Jewellery
 g - a +6 ring of intelligence (left hand)
 k - a ring of magical power (right hand)
 u - a +4 ring of slaying
Wands
 l - a wand of random effects (24)
 y - a wand of polymorph (8)
Scrolls
 i - 3 scrolls of remove curse
 o - 3 scrolls of fear
 p - 3 scrolls of enchant weapon
 q - 2 scrolls of enchant armour
 v - a scroll of random uselessness {unknown}
 C - a scroll of fog
Potions
 a - 14 potions of curing
 e - a potion of lignification
 j - 4 potions of flight
 r - 3 potions of haste
 s - 3 potions of might
 z - 2 potions of mutation
 A - a potion of stabbing
 B - a potion of brilliance
Comestibles
 d - 12 rations


   Skills:
 * Level 2.5 Fighting
 + Level 0.6 Short Blades
 + Level 1.3 Maces & Flails
 + Level 1.8 Armour
 + Level 2.2 Dodging
 + Level 2.5 Stealth
 + Level 5.2 Spellcasting
 * Level 4.1 Conjurations
 * Level 4.0 Transmutations
 + Level 5.2 Earth Magic


You had 2 spell levels left.
You knew the following spells:

 Your Spells              Type           Power        Failure   Level  Hunger
a - Sandblast             Erth           #####.       1%          1    None
b - Passwall              Tmut/Erth      ####....     1%          2    None
c - Stone Arrow           Conj/Erth      ####..       3%          3    None
d - Petrify               Tmut/Erth      ####....     12%         4    ###....
e - Lee's Rapid Deconstr  Erth           #####.....   26%         5    #####..

Your spell library contained the following spells:

 Spells                   Type           Power        Failure   Level  Hunger
 Magic Dart               Conj           ####         1%          1    None
 Blink                    Tloc           N/A          12%         2    None
 Call Imp                 Summ           #.......     12%         2    None
 Slow                     Hex            #.......     12%         2    None
 Conjure Flame            Conj/Fire      ###.....     11%         3    None
 Mephitic Cloud           Conj/Pois/Air  ###.....     14%         3    None


Dungeon Overview and Level Annotations

Branches:
Dungeon (7/15)             Temple (0/1) D:7         Ossuary (visited)

Shops:
D:5 :   D:6 (


Innate Abilities, Weirdness & Mutations

You have a greatly increased reservoir of magic. (+30% MP)
Your system is resistant to poisons. (rPois)


Message History

The spell is quite dangerous to cast (26% risk of failure)!
Continue anyway?
Aiming: Lee's Rapid Deconstruction (quite dangerous; 26% risk of failure)
Press: ? - help, Dir - move target cursor, f/p - ogre Fragment what (e.g. wall or brittle monster)?: an ogre, wielding a +0 giant club (petrified)
You miscast Lee's Rapid Deconstruction.
Sand pours from your hands.
* * * LOW HITPOINT WARNING * * *
You feel sick. The killer bee misses you. The killer bee stings you.
* * * LOW HITPOINT WARNING * * *
Something hits you but does no damage.
A red film seems to cover your vision as you go berserk!
You feel yourself moving faster!
You feel mighty!
The killer bee stings you but does no damage.
The killer bee stings you.
* * * LOW HITPOINT WARNING * * *
A sky beast appears from thin air!
Reactivating autopickup.
The sky beast hits you.
* * * LOW HITPOINT WARNING * * *
The sky beast shocks you.
You die...

##.............. #.##
#...###.####.#.### #.#
.....< #.# #......##.##
.......#.# ..# #..#..+
.......#.####.####....##
...........##........##
......#..!>#..####...##
#...#..........###.#..####
####.....@y.....#..#.##.##
#......≈Y...............
#......≈.O.!............
.........................
............(............
...............:.......##
.#.........>.....#......
##..........###...#.#..
........### #........


You could see a sky beast, an ogre (petrified) and a killer bee.

Vanquished Creatures
  Grinder (D:5)
  An orc warrior (D:6)
  2 ice beasts
  2 centaurs
  A bullfrog (D:7)
  A scorpion (D:7)
  4 killer bees (D:7)
  2 howler monkeys (D:6)
  A crimson imp (D:7)
  3 hounds
  4 orc priests
  4 orc wizards
  2 bullfrog skeletons
  4 worker ants
  4 big kobold zombies (Ossuary)
  A hound skeleton (D:6)
  2 mummies (Ossuary)
  A worker ant zombie (D:5)
  2 howler monkey skeletons
  6 adders
  An adder zombie (D:6)
  3 worms
  4 leopard geckos
  13 orcs
  4 bats
  5 giant cockroaches
  10 goblins
  8 hobgoblins
  6 jackals
  6 kobolds
  2 quokkas
  2 frilled lizards
  2 goblin zombies (Ossuary)
  A kobold zombie (Ossuary)
  An orc zombie (Ossuary)
  A quokka zombie (D:5)
  6 rats
123 creatures vanquished.

Notes
Turn   | Place    | Note
-------+----------+-------------------------------------------
     0 | D:1      | Revguard the Demigod Earth Elementalist began the quest for
                  | the Orb.
     0 | D:1      | Reached XP level 1. HP: 14/14 MP: 5/5
   162 | D:1      | Reached XP level 2. HP: 19/20 MP: 7/7
   166 | D:1      | Learned a level 2 spell: Passwall
   604 | D:1      | Reached skill level 1 in Transmutations
   883 | D:1      | Gained mutation: You have a considerably increased
                  | reservoir of magic. (+20% MP) [potion of mutation]
   883 | D:1      | Gained mutation: You have a greatly increased reservoir of
                  | magic. (+30% MP) [potion of mutation]
   883 | D:1      | Gained mutation: Your system is resistant to poisons.
                  | (rPois) [potion of mutation]
  1156 | D:2      | Reached XP level 3. HP: 26/26 MP: 5/10
  1161 | D:2      | Learned a level 3 spell: Stone Arrow
  1698 | D:2      | Found a bloodstained altar of Trog.
  1700 | D:2      | Found a white marble altar of Elyvilon.
  2420 | D:3      | Reached XP level 4. HP: 28/33 MP: 12/12
  3333 | D:4      | Noticed a centaur
  3343 | D:4      | Killed a centaur
  3343 | D:4      | Reached skill level 1 in Maces & Flails
  3343 | D:4      | Reached skill level 1 in Conjurations
  3343 | D:4      | Reached XP level 5. HP: 14/38 MP: 5/14
  3351 | D:4      | Learned a level 4 spell: Petrify
  3682 | D:4      | Found a burning altar of Makhleb.
  3774 | D:5      | Entered Level 5 of the Dungeon
  3774 | D:5      | Noticed a centaur
  3783 | D:5      | Killed a centaur
  3783 | D:5      | Reached XP level 6. HP: 24/46 MP: 13/16
  4016 | D:5      | Noticed Grinder
  4027 | D:5      | Killed Grinder
  4283 | D:5      | Found a radiant altar of Vehumet.
  4482 | D:5      | Found a snail-covered altar of Cheibriados.
  4512 | D:5      | Reached XP level 7. HP: 50/51 MP: 18/18
  4557 | D:5      | Found Ufot's Book Emporium.
  4873 | D:6      | Reached skill level 1 in Fighting
  4876 | D:6      | HP: 1/52 [orc warrior/+0 halberd (16)]
  5237 | D:6      | Found Bairoed's Weapon Shoppe.
  5955 | D:6      | Reached XP level 8. HP: 61/61 MP: 19/21
  5968 | D:6      | Learned a level 5 spell: Lee's Rapid Deconstruction
  6065 | D:6      | Found an ancient bone altar of Kikubaaqudgha.
  6297 | D:7      | Reached skill level 5 in Earth Magic
  6304 | D:7      | Found a staircase to the Ecumenical Temple.
  6625 | D:7      | Reached skill level 5 in Spellcasting
  6635 | D:7      | Reached skill level 1 in Armour
  6820 | D:7      | Found a sand-covered staircase.
  6829 | Ossuary  | Entered an ossuary
  7417 | D:7      | Slain by a sky beast

Illustrated notes

Levels and vault maps discovered:
D:1:      minmay_arrival_jagged, layout_rooms
D:2:      layout_loops_ring, amethyst_overflow_temple_binary
D:3:      layout_rooms, kennysheep_cluttered_room
D:4:      layout_loops_corners, first_ration, makhleb_blood_cavern_becter
D:5:      layout_basic, lemuel_doored_altar, overflow_temple_1_default,
          serial_shops, shop, uniq_grinder
D:6:      layout_loops_ring, overflow_temple_1_default, serial_shops,
          nicolae_shop_stone, minmay_misc_feat_nine_boxes
D:7:      layout_rooms, yredelemnul_forgotten_temple_becter, temple_fountains,
          nicolae_ossuary_entry_plus

Skill      XL: |  1  2  3  4  5  6  7  8 |
---------------+-------------------------+-----
Earth Magic    | 3 4 5 |  5.2
Dodging        | 2 |  2.2
Spellcasting   | 2 3 4 5 |  5.2
Transmutations | 1 2 3 4 |  4.0
Stealth        | 2 |  2.5
Maces & Flails | 1 |  1.3
Conjurations   | 1 2 3 4 |  4.1
Fighting       | 2 |  2.5
Armour         | 1 |  1.8
Short Blades   | |  0.6

Action                   |  1- 3 |  4- 6 |  7- 9 || total
-------------------------+-------+-------+-------++-------
Melee: Unarmed           |     5 |       |       ||     5
       Club              |     3 |       |       ||     3
       Mace              |    51 |    10 |       ||    61
       Dagger            |       |     5 |    66 ||    71
 Cast: Sandblast         |    43 |    26 |    12 ||    81
       Stone Arrow       |     3 |    17 |    97 ||   117
       Petrify           |       |     2 |     1 ||     3
       Passwall          |       |       |     3 ||     3
       Lee's Rapid Decon |       |       |     1 ||     1
  Use: Scroll            |     5 |     3 |    17 ||    25
       Potion            |     1 |     1 |     5 ||     7
 Stab: Sleeping          |     5 |     1 |     1 ||     7
       Petrified         |       |     1 |       ||     1
  Eat: Chunk             |     5 |     5 |     6 ||    16
       Ration            |       |     1 |     1 ||     2
Armor: Robe              |    21 |     7 |       ||    28
       Leather armour    |       |       |    42 ||    42
Dodge: Dodged            |    63 |    25 |    80 ||   168
